 Dungeon Crawl Stone Soup version 0.16.2-12-gd0ad4c3 (webtiles) character file.

169911 faibistes the Eclecticist (level 17, -6/99 HPs)
             Began as a Deep Elf Wizard on Jan 21, 2018.
             Was the Champion of Sif Muna.
             Mangled by a wolf spider (12 damage)
             ... on level 4 of the Spider Nest.
             The game lasted 03:13:56 (55368 turns).

faibistes the Eclecticist (Deep Elf Wizard)        Turns: 55368, Time: 03:13:57

Health: -6/99      AC: 17    Str:  4    XL:     17   Next: 36%
Magic:  37/50      EV: 17    Int: 34    God:    Sif Muna [******]
Gold:   827        SH:  0    Dex: 13    Spells: 11 memorised, 5 levels left

rFire  + + .     SeeInvis .     w - +6 rapier (venom)
rCold  x x .     Clarity  .     C - +2 robe {MR+}
rNeg   . . .     SustAb   .     (no shield)
rPois  .         Gourm    .     F - +2 helmet {Int+3}
rElec  +         Spirit   .     n - +2 cloak
rCorr  .         Warding  .     e - +2 pair of gloves
rMut   .         Stasis   .     V - +2 pair of boots
MR     ++...                    L - amulet of regeneration
Stlth  ++........               G - ring of magical power
                                Y - ring of wizardry

@: lethally poisoned (-6 -> -56), immune to fire clouds, deflect missiles, very
resistant to hostile enchantments, unstealthy
A: molten scales 1, electricity resistance
a: Channel Energy, Forget Spell, Renounce Religion


You were on level 4 of the Spider Nest.
You worshipped Sif Muna.
Sif Muna was exalted by your worship.
You were not hungry.

You visited 7 branches of the dungeon, and saw 35 of its levels.
You also visited: Ossuary and Bailey.

You collected 3519 gold pieces.
You spent 2692 gold pieces at shops.

Inventory:

Hand weapons
 w - a +6 rapier of venom (weapon)
Armour
 e - a +2 pair of gloves (worn)
 n - a +2 cloak (worn)
 C - a +2 robe of magic resistance (worn)
 F - a +2 helmet of intelligence (worn)
 R - a +2 robe of resistance
 V - a +2 pair of boots (worn)
Rods
 A - a +0 rod of clouds (10/10)
   (You found it on level 1 of the Shoals)
Jewellery
 i - an uncursed ring of see invisible
 m - an uncursed ring of flight
 s - an uncursed ring of ice
 G - a ring of magical power (right hand)
 I - an uncursed ring of positive energy
 L - an amulet of regeneration (around neck)
 Y - a ring of wizardry (left hand)
Magical devices
 a - a wand of lightning (2)
 b - a wand of confusion (14)
 u - a wand of teleportation (7)
 y - a wand of hasting (4)
 M - a wand of disintegration (10)
 O - a wand of fireball (4)
 T - a wand of cold (2)
 U - a wand of polymorph (4)
 W - a wand of enslavement (7)
 X - a wand of hasting (4)
 Z - a wand of lightning (5)
Scrolls
 c - 2 scrolls of blinking
 f - 4 scrolls of teleportation
 h - 6 scrolls of identify
 q - 6 scrolls of recharging
 v - 5 scrolls of immolation
 x - 3 scrolls of fog
 E - 8 scrolls of fear
 H - 2 scrolls of remove curse
 K - 3 scrolls of magic mapping
Potions
 g - 4 potions of ambrosia
 j - 5 potions of heal wounds
 k - 2 potions of cancellation
 l - 2 potions of magic
 o - 5 potions of restore abilities
 r - 7 potions of curing
 t - 2 potions of haste
 z - 3 potions of resistance
 B - 3 potions of brilliance
 D - 2 potions of flight
Miscellaneous
 S - a lamp of fire (inert)
Comestibles
 d - 12 bread rations
 p - 9 meat rations


   Skills:
 + Level 8.6 Fighting
 - Level 10.0 Dodging
 - Level 2.4 Stealth
 * Level 18.4 Spellcasting
 + Level 11.8 Conjurations
 - Level 12.0 Charms
   Level 4.0 Summonings
 - Level 7.2 Translocations
   Level 5.5 Transmutations
 * Level 11.7 Fire Magic
 - Level 5.0 Air Magic
 + Level 11.5 Earth Magic
 - Level 2.6 Poison Magic
 - Level 10.1 Invocations
 - Level 9.1 Evocations


You had 5 spell levels left.
You knew the following spells:

 Your Spells              Type           Power        Failure   Level  Hunger
a - Airstrike             Air            ######....   1%          4    None
b - Ring of Flames        Chrm/Fire      ########..   4%          7    ###....
c - Iskenderun's Battles  Conj/Chrm      #######.     1%          5    None
d - Blink                 Tloc           N/A          1%          2    None
e - Mephitic Cloud        Conj/Pois/Air  ######..     1%          3    None
f - Deflect Missiles      Chrm/Air       ######....   2%          6    None
g - Magic Dart            Conj           ####         0%          1    None
l - Lee's Rapid Deconstr  Erth           #######...   1%          5    None
v - Bolt of Magma         Conj/Fire/Erth ########..   1%          5    None
x - Force Lance           Conj/Tloc      #######.     1%          4    None
z - Fireball              Conj/Fire      ########..   1%          5    None


Dungeon Overview and Level Annotations

Branches:
Dungeon (12/15)            Temple (1/1) D:6            Lair (8/8) D:10
 Shoals (4/5) Lair:4       Spider (4/5) Lair:6        Slime (0/6) Lair:8
    Orc (4/4) D:11            Elf (2/3) Orc:3

Altars:
Ashenzari
Cheibriados
Dithmenos
Elyvilon
Fedhas
Gozag
Kikubaaqudgha
Makhleb
Nemelex Xobeh
Okawaru
Qazlal
Ru
Sif Muna
Trog
Vehumet
Xom
Yredelemnul
Zin
The Shining One

Shops:
Orc:1 (?   Orc:2 [   Orc:3 :   Orc:4 %:%:*   Shoals:1 %   Shoals:2 =

Annotations:
D:2 Robin
Shoals:3 Mara, Polyphemus


Innate Abilities, Weirdness & Mutations

You are immune to clouds of flame.
You are partially covered in molten scales (AC +1).
You are resistant to electric shocks.


Message History

You feel very sick.
The tarantella is engulfed in roaring flames.
You kill the tarantella!
The redback is engulfed in roaring flames.
The redback bites you!
* * * LOW HITPOINT WARNING * * *
You are more poisoned.
The redback poisons you!
The wolf spider is engulfed in roaring flames.
The wolf spider closely misses you. The wolf spider bites you.
* * * LOW HITPOINT WARNING * * *
* * * LOW HITPOINT WARNING * * *
You feel very sick.
The redback is engulfed in roaring flames.
You kill the redback!
The wolf spider is engulfed in roaring flames.
The wolf spider hits you.
* * * LOW HITPOINT WARNING * * *
The wolf spider bites you!
You die...

.^....§.........
......E§...#.....
.##^....E§..^.....
......§§§§..#(.....
......§§§§.......(.
.....§§.§s§ss..?..
.......§§§§§#.....
(........§s§#......
........§@§.......
..........^...#..
...............
.......#.......
.......#^.....#
.......!..... .^...
..... .... .... . .


You could see a wolf spider, 2 jumping spiders, a redback and 2 friendly fire
elementals.

Vanquished Creatures
  A deep elf blademaster (Elf:2)
  A kraken (Shoals:2)
  Rupert (Lair:4)
  Agnes (Spider:4)
  Donald (Orc:3)
  Maud (Spider:1)
  Aizul (Elf:2)
  The ghost of faibistes the Eclecticist, a powerful DEWz of Sif Muna (Orc:4)
  A deep elf annihilator (Elf:1)
  2 deep elf demonologists (Elf:2)
  Snorg (Orc:3)
  A fire dragon (Lair:8)
  An ettin (Orc:4)
  Josephine (D:10)
  An ice dragon (Lair:8)
  8 hydras
  A catoblepas (Shoals:3)
  An alligator snapping turtle (Shoals:2)
  A merfolk avatar (Shoals:2)
  A merfolk aquamancer (Shoals:1)
  A satyr (Shoals:2)
  13 dancing weapons (Elf:2)
  6 death yaks
  4 orc high priests
  Erolcha (Orc:2)
  6 sea snakes
  3 unseen horrors
  14 deep elf knights
  10 deep elf summoners
  An ice statue (Lair:1)
  2 hill giants
  The ghost of faibistes the Thaumaturge, an experienced DEWz of Sif Muna (Bailey)
  Pikel (D:6)
  An ugly thing (D:11)
  18 harpies
  6 orc knights
  A lindwurm (Lair:8)
  10 deep elf conjurers
  A hornet (Spider:2)
  8 wolf spiders
  7 griffons
  5 fauns (Shoals:2)
  2 oklob plants (Lair:5)
  9 elephants
  5 orc sorcerers
  9 orb spiders
  5 manticores
  2 centaur zombies
  A cyclops (Shoals:4)
  5 sirens
  An octopode (shapeshifter) (Elf:2)
  18 spiny frogs
  5 black mambas
  7 torpor snails
  A fire drake (Lair:1)
  Psyche (D:10)
  6 demonic crawlers
  3 jumping spiders
  13 deep elf priests
  9 komodo dragons
  3 wind drakes
  3 polar bears
  A freezing wraith (Lair:1)
  3 two-headed ogres
  18 merfolk
  2 giant leeches (Lair:8)
  Sonja (Shoals:1)
  A troll (D:10)
  6 snapping turtles
  6 boulder beetles
  7 blink frogs
  20 deep elf magi
  3 wraiths (D:10)
  25 redbacks
  A spriggan (Lair:7)
  7 basilisks
  6 trapdoor spiders
  16 tarantellas
  5 water elementals
  2 wyverns
  32 yaks
  A hungry ghost (D:11)
  Grum (Orc:4)
  15 hippogriffs
  18 deep elf fighters
  18 wolves
  11 water moccasins
  Edmund (D:8)
  Menkaure (Ossuary)
  4 wargs
  15 porcupines
  5 mottled dragons (Lair:8)
  12 ogres
  29 spiders
  An elf zombie (Elf:1)
  6 wasps
  A swamp drake (Lair:8)
  2 black bears
  24 orc warriors
  4 phantoms
  10 ice beasts
  3 slaves
  A boring beetle (Spider:1)
  A sky beast (D:10)
  18 centaurs
  Sigmund (D:2)
  20 crocodiles
  3 brain worms (Lair:8)
  3 big kobolds
  A water moccasin zombie (D:8)
  23 giant frogs
  10 scorpions
  9 killer bees
  A yak skeleton (Orc:4)
  2 giant frog zombies
  A quasit (D:11)
  3 goliath beetles
  An electric eel (Lair:1)
  17 jellies
  3 crimson imps
  25 orc priests
  13 hounds
  3 giant frog skeletons
  38 orc wizards
  17 iguanas
  4 centaur skeletons
  6 worker ants
  2 hell rats (Elf:2)
  A killer bee zombie (D:7)
  Ijyb (D:2)
  49 sheep
  4 hound skeletons
  5 mummies
  10 gnolls
  21 river rats
  5 shadow imps
  21 adders
  3 white imps (Lair:1)
  2 giant mites
  19 worms
  2 adder zombies (D:8)
  4 giant geckos
  179 orcs
  19 bats
  2 bat skeletons
  3 gnoll zombies (Ossuary)
  19 hobgoblins
  6 jackals
  18 quokkas
  2 ball pythons
  11 giant cockroaches
  6 giant newts
  A giant spore (D:9)
  3 gnoll skeletons (Ossuary)
  31 goblins
  5 goblin skeletons (Ossuary)
  2 goblin zombies (Ossuary)
  2 hobgoblin skeletons (Ossuary)
  3 hobgoblin zombies (Ossuary)
  A jackal skeleton (D:7)
  27 kobolds
  5 kobold skeletons (Ossuary)
  4 kobold zombies (Ossuary)
  5 orc skeletons
  5 orc zombies
  2 quokka skeletons
  16 rats
  2 rat skeletons (Orc:4)
  A rat zombie (Ossuary)
  8 ballistomycetes
  A fungus (Lair:8)
  11 plants
  A tentacle (Shoals:2)
  A tentacle segment (Shoals:2)
1375 creatures vanquished.

Vanquished Creatures (collateral kills)
  A spiny frog (Lair:8)
  2 killer bees (D:9)
  A worker ant (D:5)
  An adder (D:1)
  3 orcs
  A rat (D:3)
  2 fungi (Lair:8)
11 creatures vanquished.

Vanquished Creatures (others)
  A deep elf knight (Elf:2)
  An orc warrior (Orc:4)
  2 crimson imps
  A white imp (D:6)
  A giant mite (D:6)
  An orc (Orc:4)
  3 gnoll zombies (Ossuary)
  A hobgoblin (D:9)
  2 giant spores
  A gnoll skeleton (Ossuary)
  A goblin skeleton (Ossuary)
  3 goblin zombies (Ossuary)
  2 hobgoblin zombies (Ossuary)
  3 kobold skeletons (Ossuary)
  A kobold zombie (Ossuary)
  An orc skeleton (Ossuary)
  6 rat skeletons
  2 rat zombies (Ossuary)
  A ballistomycete (D:9)
  56 fungi
  32 plants
  7 tentacles (Shoals:2)
  66 tentacle segments (Shoals:2)
195 creatures vanquished.

Grand Total: 1581 creatures vanquished

Notes
Turn   | Place    | Note
--------------------------------------------------------------
     0 | D:1      | faibistes, the Deep Elf Wizard, began the quest for the Orb.
     0 | D:1      | Reached XP level 1. HP: 10/10 MP: 6/6
   489 | D:1      | Reached XP level 2. HP: 15/15 MP: 5/10
   493 | D:1      | Learned a level 2 spell: Blink
   496 | D:1      | Learned a level 2 spell: Call Imp
   675 | D:3      | Reached skill level 5 in Spellcasting
  1284 | D:2      | Noticed Sigmund
  1544 | D:2      | Reached XP level 3. HP: 19/19 MP: 11/14
  1549 | D:2      | Learned a level 3 spell: Conjure Flame
  1553 | D:2      | Learned a level 3 spell: Mephitic Cloud
  1902 | D:2      | Noticed Ijyb
  1912 | D:2      | Killed Ijyb
  2099 | D:2      | Learned a level 2 spell: Repel Missiles
  2157 | D:2      | Noticed Robin
  2385 | D:1      | Reached XP level 4. HP: 18/24 MP: 2/17
  2502 | D:2      | Killed Sigmund
  2502 | D:2      | Reached skill level 6 in Spellcasting
  2502 | D:2      | Reached XP level 5. HP: 28/28 MP: 12/20
  4262 | D:5      | Entered Level 5 of the Dungeon
  4272 | D:5      | Reached skill level 7 in Spellcasting
  4272 | D:5      | Reached XP level 6. HP: 32/32 MP: 10/23
  5205 | D:4      | Reached skill level 1 in Fighting
  5310 | D:4      | Noticed an ogre
  5327 | D:4      | Killed an ogre
  5327 | D:4      | Reached skill level 1 in Evocations
  5414 | D:4      | Reached XP level 7. HP: 37/39 MP: 18/25
  5936 | D:5      | Reached skill level 8 in Spellcasting
  6018 | D:6      | Found an ancient bone altar of Kikubaaqudgha.
  6065 | D:6      | Found a sand-covered staircase.
  6075 | D:6      | Learned a level 4 spell: Sticky Flame
  6081 | D:6      | Learned a level 5 spell: Fireball
  6087 | Ossuary  | Entered an ossuary
  6582 | Ossuary  | Noticed Menkaure
  6586 | Ossuary  | Killed Menkaure
  6930 | D:5      | Found a blossoming altar of Fedhas.
  7017 | D:5      | Reached XP level 8. HP: 46/46 MP: 27/27
  7035 | D:5      | Reached skill level 5 in Dodging
  7319 | D:6      | Found a staircase to the Ecumenical Temple.
  7324 | Temple   | Entered the Ecumenical Temple
  7330 | Temple   | Became a worshipper of Sif Muna the Loreminder
  7930 | D:6      | Reached skill level 9 in Spellcasting
  7930 | D:6      | Reached skill level 1 in Fire Magic
  7930 | D:6      | Reached skill level 1 in Air Magic
  8212 | D:7      | Reached skill level 1 in Poison Magic
  8678 | D:6      | Found a basalt altar of Yredelemnul.
  8737 | D:6      | Acquired Sif Muna's first power
  8907 | D:6      | Noticed Pikel
  9195 | D:6      | Killed Pikel
  9195 | D:6      | Reached XP level 9. HP: 26/51 MP: 10/29
  9200 | D:6      | Reached skill level 5 in Conjurations
  9669 | D:7      | Acquired Sif Muna's second power
 10259 | D:7      | Reached skill level 10 in Spellcasting
 10633 | D:7      | Found a deep blue altar of Sif Muna.
 11191 | D:8      | Reached skill level 1 in Charms
 11214 | D:8      | Reached skill level 1 in Invocations
 11410 | D:8      | Noticed Edmund
 11419 | D:9      | Noticed a komodo dragon
 11434 | D:9      | Noticed a manticore
 11443 | D:8      | Killed Edmund
 11675 | D:8      | Reached XP level 10. HP: 56/56 MP: 12/31
 12028 | D:8      | Found a radiant altar of Vehumet.
 12136 | D:10     | Entered Level 10 of the Dungeon
 12139 | D:10     | Got a smoking flail
 12550 | D:9      | Learned a level 4 spell: Passage of Golubria
 12553 | D:9      | Learned a level 2 spell: Shroud of Golubria
 13413 | D:9      | Killed a komodo dragon
 13678 | D:9      | Killed a manticore
 13678 | D:9      | Reached skill level 11 in Spellcasting
 14226 | D:9      | Reached skill level 5 in Fire Magic
 14295 | D:9      | Acquired Sif Muna's third power
 14469 | D:10     | Noticed an unseen horror
 14475 | D:10     | Killed an unseen horror
 14475 | D:10     | Reached XP level 11. HP: 61/61 MP: 21/33
 14547 | D:10     | Noticed a hill giant
 14573 | D:10     | Killed a hill giant
 14573 | D:10     | Reached skill level 5 in Invocations
 15198 | D:10     | Found a staircase to the Lair.
 15864 | D:10     | Noticed Psyche
 15882 | D:10     | Killed Psyche
 16227 | D:10     | Noticed Josephine
 16289 | D:10     | Reached skill level 5 in Evocations
 16633 | D:10     | Reached skill level 5 in Translocations
 16834 | D:10     | Reached skill level 12 in Spellcasting
 16950 | Lair:1   | Entered Level 1 of the Lair of Beasts
 17155 | Lair:2   | Reached skill level 5 in Charms
 17920 | Lair:1   | Learned a level 4 spell: Iskenderun's Mystic Blast
 17927 | Lair:1   | Learned a level 5 spell: Iskenderun's Battlesphere
 18213 | Lair:1   | Reached skill level 5 in Fighting
 18442 | Lair:1   | Reached XP level 12. HP: 68/68 MP: 25/35
 18600 | Lair:1   | Noticed an ice statue
 18604 | Lair:1   | Killed an ice statue
 18733 | Lair:1   | Found an ancient bone altar of Kikubaaqudgha.
 20231 | Lair:3   | Noticed a four-headed hydra
 20237 | Lair:3   | Killed a four-headed hydra
 20325 | Lair:4   | Received a gift from Sif Muna
 20326 | Lair:4   | Identified Sif Muna's Handbook of Aerial Battle Magic (Sif Muna gifted it to you on level 4 of the Lair of Beasts)
 20374 | Lair:4   | Learned a level 4 spell: Force Lance
 20399 | Lair:4   | Learned a level 5 spell: Bolt of Magma
 20619 | Lair:4   | Found a staircase to the Shoals.
 20621 | Lair:4   | Noticed a four-headed hydra
 20624 | Lair:4   | Reached skill level 1 in Earth Magic
 20626 | Lair:4   | Reached skill level 13 in Spellcasting
 20627 | Lair:4   | Killed a four-headed hydra
 21290 | Lair:3   | Learned a level 3 spell: Passwall
 21434 | Lair:3   | Found a hole to the Spider Nest.
 21596 | Lair:3   | Reached skill level 1 in Transmutations
 22115 | Lair:4   | Reached XP level 13. HP: 74/74 MP: 30/36
 22117 | Lair:4   | Noticed Rupert
 22211 | Lair:4   | Noticed a five-headed hydra
 22386 | Lair:4   | Killed a five-headed hydra
 22623 | Lair:4   | Paralysed by Rupert for 3 turns
 22624 | Lair:4   | Killed Rupert
 23533 | Lair:5   | Got a spiked hat
 23544 | Lair:5   | Identified the cursed -5 hat of the Forgotten Orbs {+Fly} (You found it on level 5 of the Lair of Beasts)
 25304 | Lair:7   | Reached skill level 14 in Spellcasting
 25791 | Lair:6   | Found a hole to the Spider Nest.
 26290 | Lair:8   | Entered Level 8 of the Lair of Beasts
 26376 | Lair:7   | Received a gift from Sif Muna
 27683 | Lair:7   | Reached skill level 5 in Transmutations
 28028 | Lair:7   | Reached skill level 5 in Earth Magic
 28419 | Lair:8   | Found a staircase to the Slime Pits.
 28480 | Lair:8   | Gained mutation: You are resistant to electric shocks. [potion of beneficial mutation]
 28481 | Lair:8   | Gained mutation: You are partially covered in molten scales (AC +1). [potion of beneficial mutation]
 28485 | Lair:8   | Reached XP level 14. HP: 80/80 MP: 38/38
 30620 | Lair:8   | Found a runed door.
 31935 | Lair:2   | Learned a level 5 spell: Lee's Rapid Deconstruction
 32099 | D:11     | Noticed a hill giant
 32112 | D:11     | Killed a hill giant
 32779 | D:11     | Found a staircase to the Orcish Mines.
 32803 | D:11     | Noticed a seven-headed hydra
 32811 | D:11     | Killed a seven-headed hydra
 33864 | Orc:1    | Entered Level 1 of the Orcish Mines
 33880 | Orc:1    | Reached skill level 15 in Spellcasting
 34039 | Orc:2    | Found a flagged portal.
 34082 | Bailey   | Entered a bailey
 34277 | Bailey   | Noticed faibistes' ghost (experienced DEWz)
 34281 | Bailey   | Killed faibistes' ghost
 34547 | Bailey   | Got a twisted robe
 34558 | Bailey   | Identified the cursed +0 robe of Mecwos Throv {Str-2 Dex+7 Stlth+} (You found it in a bailey)
 34824 | Orc:4    | Entered Level 4 of the Orcish Mines
 34831 | Orc:3    | Found a bloodstained altar of Trog.
 34990 | Orc:1    | Found Ghiqoixt's Magic Scroll Shop.
 34990 | Orc:1    | Found Brohov's Antique Weapon Shop.
 34994 | Orc:1    | Bought a scroll of acquirement for 780 gold pieces
 34994 | Orc:1    | Bought a scroll of teleportation for 45 gold pieces
 34994 | Orc:1    | Bought a scroll of teleportation for 45 gold pieces
 34994 | Orc:1    | Bought a scroll of identify for 30 gold pieces
 35003 | Orc:1    | Bought a scroll of identify for 30 gold pieces
 35003 | Orc:1    | Bought a scroll of identify for 30 gold pieces
 35003 | Orc:1    | Bought a scroll of identify for 30 gold pieces
 35003 | Orc:1    | Bought a scroll of enchant weapon for 112 gold pieces
 35063 | Orc:1    | Reached skill level 10 in Invocations
 35706 | Orc:2    | Noticed Erolcha
 35709 | Orc:2    | Killed Erolcha
 35709 | Orc:2    | Received a gift from Sif Muna
 35710 | Orc:2    | Identified Sif Muna's Reference Book on Summoning (Sif Muna gifted it to you on level 2 of the Orcish Mines)
 35941 | D:10     | Killed Josephine
 36114 | D:10     | Noticed an unseen horror
 36121 | D:10     | Killed an unseen horror
 36631 | Orc:3    | Found a staircase to the Elven Halls.
 36751 | Orc:3    | Noticed Snorg
 36766 | Orc:3    | Killed Snorg
 36925 | Orc:3    | You fall through a shaft!
 37018 | Orc:4    | Found Skough's Food Shop.
 37023 | Orc:4    | Noticed faibistes' ghost (powerful DEWz)
 37203 | Orc:2    | Found Psaawn's Armour Shop.
 37208 | Orc:2    | Bought a +1 helmet of intelligence for 231 gold pieces
 37425 | Orc:3    | Found Fiss' Book Boutique.
 37436 | Orc:3    | Bought a book of the Sky for 715 gold pieces
 37663 | Lair:2   | Learned a level 6 spell: Deflect Missiles
 37671 | Lair:2   | Learned a level 4 spell: Airstrike
 38250 | Orc:3    | Noticed Donald
 38256 | Orc:3    | Killed Donald
 38815 | Orc:4    | Killed faibistes' ghost
 38815 | Orc:4    | Reached XP level 15. HP: 86/86 MP: 19/39
 39201 | Orc:4    | Reached skill level 10 in Dodging
 39207 | Orc:4    | Noticed Grum
 39211 | Orc:4    | Killed Grum
 40370 | Orc:4    | Found Hame's Food Emporium.
 40370 | Orc:4    | Found Kefoij's Book Boutique.
 40371 | Orc:4    | Found Buleob's Assorted Antiques.
 40371 | Orc:4    | Found Thaid's Book Boutique.
 40391 | Orc:4    | Bought a pair of glowing boots for 157 gold pieces
 40391 | Orc:4    | Bought a knobbly silver ring for 175 gold pieces
 40391 | Orc:4    | Bought a potion of heal wounds for 175 gold pieces
 40391 | Orc:4    | Bought a scroll of fear for 122 gold pieces
 40956 | Elf:1    | Entered Level 1 of the Elven Halls
 42686 | Elf:1    | Reached skill level 10 in Charms
 42767 | Elf:1    | Identified the Guide on Supportive Attacks
 42787 | Elf:1    | Received a gift from Sif Muna
 43013 | Elf:1    | Reached skill level 10 in Conjurations
 43017 | Elf:1    | Reached skill level 5 in Air Magic
 43381 | Elf:2    | Noticed Aizul
 43389 | Elf:2    | Killed Aizul
 43662 | Elf:2    | Found a runed gate.
 43662 | Elf:2    | Found a runed gate.
 43662 | Elf:2    | Found a runed gate.
 43931 | Elf:2    | Reached skill level 16 in Spellcasting
 44624 | Elf:2    | Noticed a deep elf blademaster
 44850 | Elf:2    | Received a gift from Sif Muna
 44856 | Elf:2    | Reached XP level 16. HP: 61/92 MP: 2/40
 44884 | Elf:2    | Killed a deep elf blademaster
 45617 | Elf:2    | Reached skill level 10 in Fire Magic
 46235 | Lair:2   | Learned a level 7 spell: Ring of Flames
 46326 | Shoals:1 | Entered Level 1 of the Shoals
 46780 | Shoals:1 | Noticed Sonja
 46790 | Shoals:1 | Killed Sonja
 46873 | Shoals:1 | Reached skill level 10 in Earth Magic
 47122 | Shoals:3 | Noticed Polyphemus
 47257 | Shoals:1 | Found a bloodstained altar of Trog.
 47358 | Shoals:1 | Reached skill level 17 in Spellcasting
 47984 | Shoals:1 | Found Xaetyem's Food Boutique.
 47993 | Shoals:1 | Bought a beef jerky for 15 gold pieces
 48245 | Shoals:2 | Received a gift from Sif Muna
 48373 | Shoals:1 | Identified a +0 rod of clouds (10/10) (You found it on level 1 of the Shoals)
 48868 | Shoals:3 | Noticed Mara
 49157 | Spider:1 | Entered Level 1 of the Spider Nest
 50119 | Spider:1 | Noticed Maud
 50129 | Spider:1 | Killed Maud
 51451 | Spider:1 | Reached XP level 17. HP: 99/99 MP: 33/42
 51547 | Spider:1 | Reached skill level 18 in Spellcasting
 52460 | Spider:1 | Received a gift from Sif Muna
 52887 | Shoals:2 | Found Ehoib's Jewellery Emporium.
 55217 | Spider:4 | Noticed Agnes
 55221 | Spider:4 | Killed Agnes
 55368 | Spider:4 | Mangled by a wolf spider

Action                   |  1- 3 |  4- 6 |  7- 9 | 10-12 | 13-15 | 16-18 || total
-------------------------+-------+-------+-------+-------+-------+-------++-------
Melee: Dagger            |     8 |       |       |    26 |       |       ||    34
       Rapier            |       |     2 |    91 |   159 |   113 |    12 ||   377
 Cast: Magic Dart        |    90 |   164 |   392 |   292 |   281 |       ||  1219
       Call Imp          |     4 |       |     7 |     1 |       |       ||    12
       Mephitic Cloud    |     6 |    10 |    45 |    35 |    13 |       ||   109
       Conjure Flame     |     2 |     6 |    41 |    47 |    43 |       ||   139
       Repel Missiles    |     1 |       |       |     2 |       |       ||     3
       Blink             |       |     1 |    11 |    27 |    16 |     7 ||    62
       Sticky Flame      |       |       |    15 |    81 |    12 |       ||   108
       Fireball          |       |       |       |    77 |   379 |   308 ||   764
       Shroud of Golubri |       |       |       |     5 |       |       ||     5
       Iskenderun's Batt |       |       |       |    25 |    98 |    19 ||   142
       Iskenderun's Myst |       |       |       |     2 |       |       ||     2
       Force Lance       |       |       |       |    21 |    90 |    48 ||   159
       Bolt of Magma     |       |       |       |     1 |    68 |    21 ||    90
       Airstrike         |       |       |       |       |    43 |    46 ||    89
       Lee's Rapid Decon |       |       |       |       |    48 |    25 ||    73
       Deflect Missiles  |       |       |       |       |     3 |     2 ||     5
       Ring of Flames    |       |       |       |       |       |    37 ||    37
Invok: Channel Energy    |       |       |     5 |    15 |    78 |    62 ||   160
       Forget Spell      |       |       |       |     3 |     1 |       ||     4
Evoke: Wand              |       |       |       |     2 |     6 |     2 ||    10
       Lamp of fire      |       |       |       |       |       |     1 ||     1
  Use: Scroll            |       |     9 |    12 |    11 |    36 |     3 ||    71
       Potion            |       |       |       |       |     7 |     5 ||    12
 Stab: Confused          |       |       |     5 |     4 |       |       ||     9
       Sleeping          |       |       |       |     3 |       |       ||     3
  Eat: Royal jelly       |     1 |       |       |       |     1 |       ||     2
       Chunk             |     2 |    10 |    18 |    43 |    62 |    14 ||   149
       Pizza             |       |       |     1 |       |     1 |       ||     2
       Fruit             |       |       |       |       |     8 |     1 ||     9
       Beef jerky        |       |       |       |       |     6 |     3 ||     9
       Bread ration      |       |       |       |       |     1 |     7 ||     8
